 Dungeon Crawl Stone Soup version 0.28.0 (webtiles) character file.

Game seed: 470749782938387973

719 browni3141 the Chopper (level 7, -12/79 (96) HPs)
             Began as a Minotaur Berserker on Feb 15, 2022.
             Was a Believer of Trog.
             Mangled by Duvessa (13 damage)
             ... on level 4 of the Dungeon.
             The game lasted 00:02:25 (4413 turns).

browni3141 the Chopper (Minotaur Berserker)         Turns: 4413, Time: 00:02:25

HP:   -12/79 (96)   AC: 16    Str: 23    XL:     7   Next: 42%
MP:   6/6           EV:  8    Int:  4    God:    Trog [**....]
Gold: 160           SH:  0    Dex: 16    Spells: 6/6 levels left

rFire   . . .      SeeInvis .   a - +0 hand axe
rCold   + . .      Faith    .   (no shield)
rNeg    + . .      Spirit   .   s - +0 plate armour
rPois   +          Reflect  .   (helmet restricted)
rElec   .          Harm     .   h - +0 cloak
rCorr   .          Rampage  .   o - +1 pair of gloves
Will    .....                   (no boots)
Stlth   ..........              (no amulet)
HPRegen 0.23/turn               i - ring "Roynaq" {*Corrode rPois rC+ rN+ Dex+6}
MPRegen 0.10/turn               t - +4 ring of slaying

@: berserking, heavily drained, very quick
A: horns 2, retaliatory headbutt
a: Renounce Religion, Berserk, Trog's Hand


You were on level 4 of the Dungeon.
You worshipped Trog.
Trog was pleased with you.
You visited 1 branch of the dungeon, and saw 4 of its levels.

You collected 160 gold pieces.

Inventory:

Hand Weapons
 a - a +0 hand axe (weapon)
Armour
 b - a +0 animal skin
 h - a +0 cloak (worn)
 o - a +1 pair of gloves (worn)
 s - a +0 plate armour (worn)
Jewellery
 i - the ring "Roynaq" (left hand) {*Corrode rPois rC+ rN+ Dex+6}
   (You found it on level 2 of the Dungeon)

   [ring of poison resistance]

   Dex:       It affects your dexterity (+6).
   rC:        It protects you from cold.
   rPois:     It protects you from poison.
   rN:        It protects you from negative energy.
   *Corrode:  It may corrode you when you take damage.
 t - a +4 ring of slaying (right hand)
Scrolls
 d - a scroll of brand weapon {unknown}
 e - a scroll of silence {unknown}
 j - a scroll of fog {unknown}
 k - a scroll of teleportation {unknown}
 l - a scroll of noise {unknown}
 n - 2 scrolls of immolation {unknown}
 p - 2 scrolls of identify {unknown}
Potions
 c - a potion of berserk rage
 f - a potion of attraction {unknown}
 g - 2 potions of flight {unknown}
 m - a potion of heal wounds {unknown}
 q - 2 potions of curing {unknown}
 r - a potion of mutation {unknown}


   Skills:
 + Level 6.6 Fighting
 + Level 6.7 Axes
 + Level 6.0 Armour
 - Level 2.7 Dodging


You had 6 spell levels left.
You didn't know any spells.
Your spell library was empty.

Dungeon Overview and Level Annotations

Branches:
Dungeon (4/15)
 Temple: D:4-7

Altars:
Makhleb

Shops:
D:1 *

Annotations:
D:4 Dowan, Duvessa


Innate Abilities, Weirdness & Mutations

You have a pair of horns on your head.
You reflexively headbutt those who attack you in melee.


Message History

You partially resist.
You feel drained.
You slash Duvessa!
Duvessa is lightly wounded.
Duvessa hits you with a +2 short sword of draining!
You partially resist.
You feel drained.
You hit Duvessa.
Duvessa is lightly wounded.
Duvessa hits you with a +2 short sword of draining!
* * * LOW HITPOINT WARNING * * *
You partially resist.
You feel drained.
Dowan mumbles some strange words.
Dowan blinks!
You hit Duvessa.
Duvessa is moderately wounded.
You are no longer corroded.
Duvessa completely misses you.
You closely miss Duvessa.
Duvessa is moderately wounded.
Duvessa hits you with a +2 short sword of draining!
* * * LOW HITPOINT WARNING * * *
You partially resist.
You feel drained.
* * * LOW HITPOINT WARNING * * *
You slash Duvessa! Your headbutt misses Duvessa.
Duvessa is moderately wounded.
Duvessa barely misses you.
You slash Duvessa!
Duvessa is heavily wounded.
Duvessa hits you with a +2 short sword of draining!
* * * LOW HITPOINT WARNING * * *
You partially resist.
You feel drained.
You hit Duvessa.
Duvessa is severely wounded.
Duvessa hits you with a +2 short sword of draining.
* * * LOW HITPOINT WARNING * * *
You partially resist.
You feel drained.
You slash Duvessa! Your headbutt misses Duvessa.
Duvessa is almost dead.
You closely miss Dowan.
Duvessa hits you with a +2 short sword of draining!
You die...

### ..# #.# .. ..
#e# ... #. ###@#
.... #. #..e##
#[..##. #.##..#
#......##.#...#
#.......#......#
##....$.#...###.#
#............. #
#.....ยง.###.#.
#.....?.# #$#


You could see Duvessa (berserk) and Dowan.

Vanquished Creatures
  Eustachio (D:3)
  A sky beast (D:4)
  An ogre (D:4)
  A phantom (D:4)
  A water moccasin skeleton (D:4)
  A hound (D:4)
  3 iguanas
  A howler monkey skeleton (D:4)
  A gnoll (D:3)
  6 adders
  3 worms
  2 dart slugs
  2 orcs (D:3)
  6 bats
  9 endoplasms
  7 giant cockroaches
  6 hobgoblins
  4 jackals (D:2)
  9 kobolds
  2 quokkas
  8 ball pythons
  11 frilled lizards
  7 goblins
  3 rats
96 creatures vanquished.

Vanquished Creatures (others)
  4 plants (D:2)
4 creatures vanquished.

Grand Total: 100 creatures vanquished

Notes
Turn   | Place    | Note
-------+----------+-------------------------------------------
     0 | D:1      | browni3141 the Minotaur Berserker began the quest for the
                  | Orb.
     0 | D:1      | Reached XP level 1. HP: 19/19 MP: 0/0
   232 | D:1      | Found Zyateuj's General Store.
   250 | D:1      | Reached XP level 2. HP: 27/27 MP: 1/1
   542 | D:1      | Found a faded altar of an unknown god.
   962 | D:1      | Reached ** piety under Trog
   963 | D:1      | Reached XP level 3. HP: 33/33 MP: 2/2
  1081 | D:2      | Identified the ring "Roynaq" {*Corrode rPois rC+ rN+ Dex+6}
  1153 | D:2      | Found a burning altar of Makhleb.
  1470 | D:2      | Reached XP level 4. HP: 19/41 MP: 3/3
  3360 | D:3      | Reached skill level 5 in Fighting
  3360 | D:3      | Reached skill level 5 in Axes
  3360 | D:3      | Reached XP level 5. HP: 23/48 MP: 4/4
  3925 | D:4      | Noticed a sky beast
  3931 | D:4      | Killed a sky beast
  3932 | D:4      | Reached XP level 6. HP: 56/56 MP: 5/5
  3935 | D:4      | Noticed Eustachio
  3983 | D:3      | Killed Eustachio
  3984 | D:3      | Reached skill level 5 in Armour
  4230 | D:4      | Reached XP level 7. HP: 59/63 MP: 6/6
  4398 | D:4      | Noticed Dowan
  4400 | D:4      | Noticed Duvessa
  4411 | D:4      | HP: 2/82 [Duvessa (12)]
  4413 | D:4      | Mangled by Duvessa

Illustrated notes

Levels and vault maps discovered:
D:1:      dpeg_arrival_rooms_a, layout_basic,
          hellmonk_ecumenical_altar_arch_garden, serial_shops, shop,
          minmay_misc_feat_secret_circle, minmay_misc_feat_iff
D:2:      mumra_celtic_spiral_tile, layout_basic, basic_altar,
          minmay_misc_feat_roman, lexackson_kobold_supper
D:3:      minmay_chambers_of_threes, layout_loops_corners, serial_aquarium,
          aquarium_bridge_square [aquarium_subvault_bridge,
          aquarium_subvault_window, aquarium_subvault_wall,
          aquarium_subvault_bridge], aquarium_window_1, aquarium_window_corner,
          aquarium_window_2, aquarium_window_corner, aquarium_view_2b,
          aquarium_view_2d, aquarium_balcony_double_1, aquarium_pool_1,
          kennysheep_generic_room_13
D:4:      layout_loops_cross, dk_noncrumbling_2, uniq_duvessa, uniq_eustachio

Skill      XL: |  1  2  3  4  5  6  7 |
---------------+----------------------+-----
Axes           | 4 5 6 |  6.7
Fighting       | 4 5 6 |  6.6
Armour         | 3 4 5 6 |  6.0
Dodging        | |  2.7

Action                   |  1- 3 |  4- 6 |  7- 9 || total
-------------------------+-------+-------+-------++-------
Melee: Hand axe          |    86 |   116 |    39 ||   241
       Headbutt          |    10 |    17 |     7 ||    34
       Punch             |     1 |     1 |       ||     2
Invok: Berserk           |       |     3 |     1 ||     4
 Stab: Sleeping          |       |     2 |       ||     2
Armor: Animal skin       |    15 |    20 |       ||    35
       Plate armour      |       |    39 |    15 ||    54
Dodge: Dodged            |    57 |    71 |     9 ||   137
